[ AOE2 MATCH · #483619919 ]
UnrankedHuns vs Franks
[ REPLAY ANALYSIS · EXTRACTED FROM THE RECORDED GAME ]
Feudal
—
Castle
—
Imperial
—
| APM avg | 13.0 |
| APM peak | 40 |
| eAPM avg | 4.4 |
| Villagers / military | 26 / 0 |
Focus
⚔️ 7.7% · 🌾 92.3%
Feudal
—
Castle
—
Imperial
—
| APM avg | 21.3 |
| APM peak | 38 |
| eAPM avg | 11.4 |
| Villagers / military | 28 / 0 |
Focus
⚔️ 1.3% · 🌾 98.7%
Feudal
—
Castle
—
Imperial
—
| APM avg | 0.2 |
| APM peak | 2 |
| eAPM avg | 0.2 |
| Villagers / military | 0 / 0 |
Feudal
—
Castle
—
Imperial
—
| APM avg | 1.6 |
| APM peak | 16 |
| eAPM avg | 1.0 |
| Villagers / military | 2 / 0 |
Focus
⚔️ 0.0% · 🌾 100.0%
Match map
Initial resources + every placement click. Lines = walls · curves = elevation contours. ◆ gold · ⬟ stone · ● berries · ✦ relic · ◌ wall gap
Your base
artak1930's base
Padesát Centů's base
Minuteman's base
Smoothed initial terrain · ◌ = detected wall gap · hover for details
Inputs per minute
— Lord Bendtner - - artak1930
Build order — Lord Bendtner
18 actions detected in the replay
| 0:01 | Create | Villager (Male) ×4 |
| 1:33 | Create | Villager (Male) |
| 1:51 | Create | Villager (Male) |
| 2:24 | Create | Villager (Male) |
| 2:50 | Create | Villager (Male) |
| 3:03 | Create | Villager (Male) |
| 3:28 | Create | Villager (Male) |
| 3:41 | Create | Villager (Male) |
| 3:46 | Create | Villager (Male) |
| 4:24 | Create | Villager (Male) ×2 |
| 4:28 | Build | Lumber Camp |
| 4:43 | Create | Villager (Male) |
| 5:17 | Create | Villager (Male) ×3 |
| 5:35 | Create | Villager (Male) ×2 |
| 5:37 | Research | Loom |
| 7:17 | Create | Villager (Male) ×4 |
| 7:43 | Create | Villager (Male) |
| 7:44 | Create | Villager (Male) |
Build order — artak1930
23 actions detected in the replay
| 0:11 | Research | Loom |
| 0:11 | Create | Villager (Male) ×4 |
| 0:11 | Create | Villager (Male) ×4 |
| 0:17 | Build | House |
| 0:24 | Build | House |
| 2:14 | Create | Villager (Male) |
| 2:15 | Create | Villager (Male) |
| 2:20 | Create | Villager (Male) |
| 3:05 | Create | Villager (Male) |
| 3:05 | Create | Villager (Male) |
| 3:05 | Create | Villager (Male) |
| 3:18 | Create | Villager (Male) ×2 |
| 3:18 | Create | Villager (Male) ×2 |
| 3:50 | Create | Villager (Male) |
| 3:50 | Create | Villager (Male) |
| 4:02 | Create | Villager (Male) |
| 4:51 | Create | Villager (Male) ×2 |
| 5:17 | Build | House |
| 6:07 | Create | Villager (Male) |
| 6:50 | Create | Villager (Male) |
| 7:56 | Create | Villager (Male) |
| 7:56 | Create | Villager (Male) |
| 8:12 | Create | Villager (Male) |
Build order — Padesát Centů
0 actions detected in the replay
Build order — Minuteman
4 actions detected in the replay
| 0:03 | Build | House |
| 0:04 | Build | House |
| 0:05 | Create | Villager (Male) |
| 0:05 | Create | Villager (Male) |
Match timeline
| 0:17 | Minuteman · resign |
[ AI ANALYSIS · 1 CREDIT ]
What really happened in this match?
Wolo.gg analyzes every decision: build order, eco, micro, common mistakes by bracket. Personalized analysis on WhatsApp or Discord in 30 seconds.
Civ guide
Huns
Perfil
Jugador #940321